 Dungeon Crawl Stone Soup version 0.30-a0-595-g91969c0fa5 (webtiles) character file.

Game seed: 9455921297817908918

1234 Leeroy the Carver (level 8, 0/84 (88) HPs)
             Began as a White Draconian Transmuter on Jan 6, 2023.
             Succumbed to a water moccasin's poison
             ... on level 6 of the Dungeon.
             The game lasted 00:12:52 (6547 turns).

Leeroy the Carver (White Draconian Transmuter)      Turns: 6547, Time: 00:12:53

HP:   0/84 (88)     AC: 24    Str: 12    XL:     8   Next: 24%
MP:   9/11          EV:  2    Int: 22    God:
Gold: 4             SH:  0    Dex: 12    Spells: 8/11 levels left

rFire   . . .      SeeInvis .    k - +2 Maxwell's thermic engine {flame, freeze}
rCold   . . .      Faith    .    (no shield)
rNeg    . . .      Spirit   .    (body armour unavailable)
rPois   +          Reflect  .    (helmet currently unavailable)
rElec   .          Harm     .    (cloak currently unavailable)
rCorr   .          Rampage  .    (gloves currently unavailable)
Will    .....      NoTele   +    (boots currently unavailable)
Stlth   +                        (no amulet)
HPRegen 0.34/turn                y - +6 ring of intelligence
MPRegen 0.12/turn                (no ring)

@: lethally poisoned (0 -> -12), short of breath, tree-form, wereblooded,
drained
A: stationary, stasis, torment immunity, boosted hp, (breathe frost), AC +6,
unfitting armour, (cold resistance 1), (cold-blooded)
a: no special abilities


You were on level 6 of the Dungeon.
You were a tree.
You visited 1 branch of the dungeon, and saw 6 of its levels.

You collected 205 gold pieces.
You spent 201 gold pieces at shops.

Inventory:

Hand Weapons
 f - a +2 dagger of electrocution
 g - a +4 dagger of flaming
 k - the +2 Maxwell's thermic engine (weapon) {flame, freeze}
   (You found it on level 2 of the Dungeon)

   It freezes those it strikes, dealing additional cold damage.
   It can also slow down cold-blooded creatures.
   It becomes more effective when it hits something.
   This effect fades over time.
 o - a +1 quarterstaff of holy wrath
Missiles
 c - 2 poisoned darts
 A - 2 throwing nets
Armour
 C - a +0 cloak (melded)
Jewellery
 x - a ring of fire
 y - a +6 ring of intelligence (left branch)
Wands
 s - a wand of flame (5)
 w - a wand of paralysis (9)
Scrolls
 b - a scroll of vulnerability
 e - 2 scrolls of immolation
 i - a scroll of enchant weapon
 m - 3 scrolls of fear
 q - a scroll of magic mapping
 u - a scroll of teleportation {unknown}
 B - 2 scrolls of poison
 D - a scroll of blinking
Potions
 a - 2 potions of lignification
 d - a potion of brilliance
 h - a potion of cancellation
 j - 2 potions of attraction
 l - a potion of magic
 p - a potion of mutation
 r - a potion of degeneration
 t - a potion of haste
 z - a potion of might


   Skills:
 - Level 1.1 Fighting
 + Level 9.3 Long Blades
 - Level 1.7 Dodging
 - Level 4.2 Unarmed Combat
 - Level 2.0 Spellcasting
 - Level 2.1 Transmutations


You had 8 spell levels left.
You knew the following spells:

 Your Spells              Type           Power      Damage    Failure   Level
a - Beastly Appendage     Tmut           22%        N/A       5%          1
b - Wereblood             Tmut           11%        N/A       9%          2

Your spell library contained the following spells:

 Spells                   Type           Power      Damage    Failure   Level
 Necrotise                Necr           8%         1d4       14%         1
 Cigotuvi's Dreadful Rot  Necr/Pois/Air  4%         N/A       21%         2
 Spider Form              Tmut/Pois      6%         N/A       26%         3
 Vampiric Draining        Necr           2%         2d6       38%         3
 Ice Form                 Ice/Tmut       6%         N/A       65%         4
 Dispel Undead            Necr           2%         3d7       80%         4
 Agony                    Necr           2%         N/A       98%         5
 Death Channel            Necr           1%         N/A       100%        6


Dungeon Overview and Level Annotations

Branches:
Dungeon (6/15)
 Temple: D:4-7

Altars:
Dithmenos
Kikubaaqudgha

Shops:
D:5 *   D:6 ?


Innate Abilities, Weirdness & Mutations

You are a tree.
Your roots penetrate the ground, keeping you stationary.
You cannot be teleported.
You are immune to unholy pain and torment.
Your maximum health is greatly increased.
Your equipment is partially melded.
((You can breathe waves of freezing cold which knock back foes.))
((Your icy white scales are hard. (AC +6)))
You cannot fit into any form of body armour.
((Your flesh is cold resistant. (rC+)))
((You are cold-blooded and may be slowed by cold attacks.))


Message History

You slash the water moccasin! You burn the water moccasin.
You freeze the water moccasin.
The water moccasin seems to slow down.
The water moccasin is almost dead.
You feel very sick. The water moccasin bites you.
You closely miss the water moccasin.
The water moccasin is almost dead.
You feel very sick. The water moccasin bites you.
You barely miss the water moccasin.
The water moccasin is almost dead.
You feel very sick. The water moccasin bites you.
* * * LOW HITPOINT WARNING * * *
You are lethally poisoned!
The water moccasin poisons you!
Really quaff the potion of lignification?
You turn into a tree.
Your +0 cloak melds into your body.
Your roots penetrate the ground.
* * * LOW HITPOINT WARNING * * *
You feel very sick. The water moccasin bites you.
* * * LOW HITPOINT WARNING * * *
You miss the water moccasin.
The water moccasin is almost dead.
* * * LOW HITPOINT WARNING * * *
You feel very sick.
The water moccasin is no longer moving slowly.
The water moccasin bites you but does no damage.
You slash the water moccasin! You burn the water moccasin.
You kill the water moccasin!
* * * LOW HITPOINT WARNING * * *
You feel very sick.
Okay, then.
Okay, then.
Okay, then.
Casting: Beastly Appendage (safe; 5% risk of failure)
Confirm with . or Enter, or press ? or * to list all spells.
Your blood is infused with primal strength.
You die...

##### ##.... ..... ....##
####### 8.<. ...^.....####
##.# #######.....# ##..#
.######.# #.#######..##
.....##.# #.........##
........# #........##
........###.....♣†.#
##.................####
#8.<.∩.>.8#..........<###
##.......##.............###
###.#..#############.....#
#....# ####### ####.# ###


There were no monsters in sight!

Vanquished Creatures
  A water moccasin (D:6)
  An ice beast (D:6)
  A phantom (D:5)
  5 scorpions
  3 wights (D:5)
  2 orc priests (D:3)
  2 hounds (D:5)
  3 iguanas
  Natasha (thrice) (D:3)
  3 orc wizards (D:3)
  7 adders
  A white imp (D:6)
  2 ufetubi
  2 worms
  3 dart slugs
  13 orcs
  4 ball pythons
  4 bats (D:1)
  8 endoplasms
  5 giant cockroaches
  4 goblins
  5 hobgoblins
  3 quokkas
  5 frilled lizards
  12 kobolds
  3 rats
105 creatures vanquished.

Notes
Turn   | Place    | Note
-------+----------+-------------------------------------------
     0 | D:1      | Leeroy the Draconian Transmuter began the quest for the
                  | Orb.
     0 | D:1      | Reached XP level 1. HP: 16/16 MP: 3/3
   203 | D:1      | Reached XP level 2. HP: 23/23 MP: 5/5
   848 | D:2      | Reached XP level 3. HP: 23/28 MP: 6/6
   992 | D:2      | Found the +2 Maxwell's thermic engine {flame, freeze}
  1026 | D:2      | Reached skill level 1 in Long Blades
  1760 | D:3      | Reached skill level 2 in Long Blades
  1760 | D:3      | Reached XP level 4. HP: 35/35 MP: 7/7
  2235 | D:3      | Reached skill level 3 in Long Blades
  2240 | D:3      | Reached XP level 5. HP: 19/40 MP: 8/8
  2441 | D:3      | Reached skill level 4 in Long Blades
  2963 | D:4      | Noticed Natasha
  3108 | D:3      | Killed Natasha
  3747 | D:3      | Noticed Natasha
  3754 | D:3      | Killed Natasha
  3755 | D:3      | Reached skill level 5 in Long Blades
  3755 | D:3      | Reached XP level 6. HP: 25/47 MP: 9/9
  3925 | D:3      | Noticed Natasha
  3938 | D:3      | Killed Natasha
  4386 | D:4      | Learned a level 2 spell: Wereblood
  4387 | D:5      | Entered Level 5 of the Dungeon
  4398 | D:5      | Reached skill level 6 in Long Blades
  4480 | D:5      | Your scales start taking on an icy white colour.
  4480 | D:5      | Reached XP level 7. HP: 42/52 MP: 10/10
  4480 | D:5      | Gained mutation: Your flesh is cold resistant. (rC+) [White
                  | Draconian growth]
  4635 | D:5      | Reached skill level 7 in Long Blades
  4914 | D:5      | Found Osull's Assorted Antiques.
  4919 | D:5      | Bought a potion of lignification for 75 gold pieces
  5365 | D:6      | Found a shadowy altar of Dithmenos.
  5365 | D:6      | Noticed a shadow
  5400 | D:6      | Found Opeubuy's Magic Scroll Boutique.
  5531 | D:6      | Reached skill level 8 in Long Blades
  5534 | D:6      | Bought a scroll of blinking for 82 gold pieces
  5538 | D:6      | Bought a scroll of identify for 22 gold pieces
  5539 | D:6      | Bought a scroll of identify for 22 gold pieces
  5618 | D:5      | Reached XP level 8. HP: 23/59 MP: 11/11
  5950 | D:6      | Found an ancient bone altar of Kikubaaqudgha.
  6308 | D:5      | Reached skill level 9 in Long Blades
  6546 | D:6      | HP: 2/73 [poisoned by a water moccasin]
  6547 | D:6      | Succumbed to a water moccasin's poison

Illustrated notes

Levels and vault maps discovered:
D:1:      wander_arrival_fairy_ring, layout_loops_corners, minmay_tromino_v4_c
D:2:      layout_loops_ring
D:3:      layout_basic, kennysheep_orc_chapel
D:4:      layout_rooms, uniq_natasha
D:5:      layout_loops_ring, serial_shops, nicolae_shop_hallway_plus,
          serial_bayou_lagoon_b
D:6:      lemuel_ice_spiral_2, layout_rooms, lemuel_temple_firewalk_b,
          serial_shops, nicolae_stop_n_shop_2, shop_statue,
          hangedman_feature_mirror

Skill      XL: |  1  2  3  4  5  6  7  8 |
---------------+-------------------------+-----
Unarmed Combat | 4 |  4.2
Long Blades    | 2 3 5 6 8 9 |  9.3
Fighting       | |  1.1
Dodging        | |  1.7
Spellcasting   | |  2.0
Transmutations | |  2.1

Action                   |  1- 3 |  4- 6 |  7- 9 || total
-------------------------+-------+-------+-------++-------
Melee: Unarmed           |    77 |       |       ||    77
       Tailslap          |    12 |    10 |    11 ||    33
       Double sword      |    42 |   109 |   102 ||   253
       Punch             |     2 |     3 |     7 ||    12
       Kick              |       |       |     4 ||     4
       Headbutt          |       |       |     2 ||     2
 Cast: Beastly Appendage |       |       |     1 ||     1
       Wereblood         |       |       |     1 ||     1
 Abil: Breathe Frost     |       |       |     1 ||     1
Evoke: Wand              |       |       |     9 ||     9
  Use: Scroll            |       |     9 |     6 ||    15
       Potion            |       |       |     2 ||     2
 Stab: Sleeping          |     1 |     1 |       ||     2
       Distracted        |     1 |       |       ||     1
Armor: Skin              |    47 |    40 |    38 ||   125
Dodge: Dodged            |    84 |    63 |    79 ||   226

Table legend: (Time is in decaauts)
 A = Elapsed time spent in this place.
 B = Non-inter-level travel time spent in this place.
 C = Inter-level travel time spent in this place.
 D = Time resting spent in this place.
 E = Time spent auto-exploring this place.
 F = Levels seen in this place.
 G = Mean time per level.
                   A        B        C        D        E       F      G
               +--------+--------+--------+--------+--------+-----+--------+
         Total |   6625 |   5671 |    954 |   1203 |   3471 |   6 | 1104.2 |
       Dungeon |   6625 |   5671 |    954 |   1203 |   3471 |   6 | 1104.2 |
               +--------+--------+--------+--------+--------+-----+--------+

Top non-repeatable levels by time:
     D:3: 2419 daAuts
     D:5: 1972 daAuts
     D:1: 822 daAuts
     D:2: 722 daAuts
     D:4: 465 daAuts
     D:6: 222 daAuts
